[Event "*** Titled Tuesday Blitz"]
[Site "Chess.com"]
[Date "2020.04.28"]
[Round "6"]
[White "pedromartinez91"]
[Black "manitodeplomo"]
[Result "0-1"]
[WhiteElo "2414"]
[BlackElo "2610"]
[TimeControl "180+1"]
[EndTime "11:06:47 PDT"]
[Termination "manitodeplomo won on time"]

1. e4 c5 2. Nf3 e6 3. Nc3 a6 4. h3 b5 5. d4 cxd4 6. Nxd4 Bb7 7. a3 Qc7 8. g3 Nf6 9. Bg2 d6 10. O-O Be7 11. Re1 O-O 12. a4 b4 13.
Na2 d5 14. e5 Ne4 15. c3 bxc3 16. Nxc3 Nxc3 17. bxc3 Qxc3 18. Be3 Qc7 19. Rc1 Qxe5 20. Bf4 Qf6 21. Be5 Qg6 22. Rc7 Bb4 23. Rxb7 Bxe1 24. Qxe1 Rc8 25. Bc7 Qf6 26. Be5 Qg5 27. h4 Qc1 28. Qxc1 Rxc1+ 29. Kh2 Nc6 30. Nxc6 Rxc6 31. Bf1 f6 32. Bd4 e5 33. Bg2 Rd8 34. Bb6 Rdd6 35.
a5 Rc2 36. Ra7 d4 37. Be4 Rxf2+ 38. Kg1 Rb2 39. Bd3 Rc6 40. Bf1 Rc1 0-1

[Event "*** Titled Tuesday Blitz"]
[Site "Chess.com"]
[Date "2020.04.28"]
[Round "6"]
[White "ljuks68"]
[Black "TregubovP"]
[Result "0-1"]
[WhiteElo "2351"]
[BlackElo "2514"]
[TimeControl "180+1"]
[EndTime "11:06:48 PDT"]
[Termination "TregubovP won by resignation"]

1. e4 e6 2. d4 d5 3. Nc3 Bb4 4. e5 c5 5. a3 Ba5 6. b4 cxd4 7. Nb5 Bc7 8. f4 Bd7 9. Nf3 Ne7 10. Nxc7+ Qxc7 11.
Bd3 Qb6 12. O-O Bb5 13. Bb2 Nbc6 14. Qe2 Bxd3 15. Qxd3 a6 16. g4 h5 17. h3 Rc8 18.
Nxd4 hxg4 19. hxg4 Rh4 20. Kf2 Rxg4 21. Kf3 Rh4 22.
Rh1 Ng6 23. Rxh4 Nxh4+ 24. Kg3 Ng6 25. Rh1 Nce7 26. Rh7 Rc4 27. Rxg7 Rxd4 28. Bxd4 Qxd4 29. Rg8+ Kd7 30. Qxd4 Nf5+ 31. Kg4 Nxd4 32. Kg5 Nxc2 33. Kf6 Nxf4 34. Kxf7 Nxa3 35. Rg7 Nc4 36. Kf6+ Kc6 37.
Rg4 Nd3 38. Kxe6 Ncxe5 0-1

[Event "*** Titled Tuesday Blitz"]
[Site "Chess.com"]
[Date "2020.04.28"]
[Round "6"]
[White "BronceYSueno"]
[Black "GMJustin"]
[Result "1-0"]
[WhiteElo "2279"]
[BlackElo "2411"]
[TimeControl "180+1"]
[EndTime "11:06:48 PDT"]
[Termination "BronceYSueno won on time"]

1. Nf3 d5 2. g3 Nd7 3. Bg2 e5 4.
d3 Ngf6 5. O-O Bd6 6. a3 O-O 7.
b4 a5 8. b5 a4 9. Bb2 c5 10. c4 d4 11. Nbd2 Ne8 12. e3 f5 13.
exd4 cxd4 14. Re1 Nc7 15. b6 Ne6 16. c5 Nexc5 17. Nc4 Qf6 18. Rc1 Nb3 19. Rc2 Bb8 20. Rce2 Re8 21. Nxd4 Nxb6 22. Nxb3 Nxc4 23. dxc4 axb3 24.
Qxb3 Be6 25. Bxe5 Qf7 26. Bxb8 Raxb8 27. Bd5 Bxd5 28. cxd5 Rxe2 29. Rxe2 Rd8 30. Rd2 g6 31. Qf3 Rd6 32. Qd3 Qe7 33. Re2 Qd7 34. Qb3 Kf8 35.
Re5 1-0

[Event "*** Titled Tuesday Blitz"]
[Site "Chess.com"]
[Date "2020.04.28"]
[Round "6"]
[White "tteshan"]
[Black "ShahMatKanal"]
[Result "0-1"]
[WhiteElo "2241"]
[BlackElo "2448"]
[TimeControl "180+1"]
[EndTime "11:06:48 PDT"]
[Termination "ShahMatKanal won by checkmate"]

1. d4 d5 2. c4 e6 3. Nc3 Nf6 4. Nf3 Nbd7 5. Bg5 dxc4 6. e3 Nb6 7. Be2 h6 8. Bh4 Be7 9. O-O Nfd5 10. Bxe7 Qxe7 11.
Bxc4 Nxc3 12. bxc3 Nxc4 13. Qa4+ c6 14. Qxc4 O-O 15.
e4 Bd7 16. Rad1 Rfc8 17. Qd3 c5 18. d5 exd5 19. exd5 Qd6 20. Nd2 b5 21. Ne4 Qg6 22. Rfe1 a5 23. f3 b4 24. cxb4 axb4 25. Rd2 c4 26. Qd4 Ra3 27. Nc5 Bb5 28. d6 Rd8 29.
d7 Ra7 30. Re7 c3 31. Rd1 Rxa2 32. Qe5 Qxg2# 0-1

[Event "*** Titled Tuesday Blitz"]
[Site "Chess.com"]
[Date "2020.04.28"]
[Round "6"]
[White "GoValya"]
[Black "ChelsieMonica"]
[Result "0-1"]
[WhiteElo "2150"]
[BlackElo "2337"]
[TimeControl "180+1"]
[EndTime "11:06:48 PDT"]
[Termination "ChelsieMonica won by resignation"]

1. d4 Nf6 2. Nf3 e6 3. g3 Be7 4. Bg2 O-O 5. O-O d5 6. Nbd2 c5 7. e3 Nc6 8. c4 cxd4 9. exd4 b6 10. b3 Ba6 11. Bb2 Rc8 12. Rc1 Nb4 13. Ne5 Nxa2 14. Ra1 Nb4 15. Bc3 Bb7 16. Bxb4 Bxb4 17. Rxa7 Rb8 18.
Qe2 Qc8 19. Rc1 Ra8 20. Rxa8 Qxa8 21. c5 Qa2 22. c6 Ba6 23. Nd3 Qxd2 24. Qxd2 Bxd2 25.
Rc2 Bxd3 26. Rxd2 Bb5 27. c7 Rc8 28. Rc2 Kf8 29. h3 Ke7 30. g4 Ne8 31. f4 Rxc7 32. Rd2 Rc1+ 33. Kh2 Nd6 34. f5 Ne4 35. Ra2 Rc7 36. fxe6 fxe6 37. Bf3 Kd6 38. h4 h6 39. Kg2 g5 40. hxg5 hxg5 41. Rb2 Nc3 42. Rf2 Bd3 43. Kg3 Ne4+ 44. Bxe4 dxe4 45. Rf6 e3 46. d5 Kxd5 47. Rf8 e2 48. Rd8+ Ke4 49. Kf2 Rc1 0-1

[Event "*** Titled Tuesday Blitz"]
[Site "Chess.com"]
[Date "2020.04.28"]
[Round "6"]
[White "Batica1984"]
[Black "GOGIEFF"]
[Result "0-1"]
[WhiteElo "2811"]
[BlackElo "2992"]
[TimeControl "180+1"]
[EndTime "11:06:49 PDT"]
[Termination "GOGIEFF won by resignation"]

1. e4 c5 2. Nf3 d6 3. d4 cxd4 4.
Nxd4 Nf6 5. Nc3 a6 6. Bg5 Nbd7 7.
Bc4 Qa5 8. Bxf6 Nxf6 9. O-O e6 10. Bb3 g5 11. Re1 Be7 12. Qd3 Bd7 13. Rad1 Rc8 14. Nf3 Nh5 15. e5 Nf4 16. Qd2 d5 17. g3 Nh3+ 18.
Kg2 g4 19. Nd4 Ng5 20. Qf4 h5 21. Rd3 Rg8 22. f3 gxf3+ 23. Nxf3 Ne4 24. Rxe4 Rg4 25. Qxg4 hxg4 26. Rxg4 Bc6 27. Nd4 Qc7 28. Re3 Bc5 29. Nce2 Bb5 30. c3 Bxe2 31. Rxe2 Bxd4 32. Rxd4 Ke7 33. h4 Rh8 34. Bc2 Rh5 35. Rf4 Rxe5 36. Ref2 f5 37. g4 Re2 38. gxf5 Qxf4 39. Rxe2 e5 40. Rf2 Qg4+ 41. Kf1 Kf6 42. Bb3 e4 43.
Bxd5 Qd1+ 44. Kg2 Qxd5 0-1

[Event "*** Titled Tuesday Blitz"]
[Site "Chess.com"]
[Date "2020.04.28"]
[Round "6"]
[White "Gahan-MG"]
[Black "okriak"]
[Result "1-0"]
[WhiteElo "2691"]
[BlackElo "2825"]
[TimeControl "180+1"]
[EndTime "11:06:49 PDT"]
[Termination "Gahan-MG won by resignation"]

1. e4 e5 2. Nf3 Nc6 3. d4 exd4 4. Nxd4 Bc5 5. Nxc6 Qf6 6. Qd2 dxc6 7. Nc3 Qe7 8.
Bd3 Nf6 9. O-O Be6 10. Na4 Bd4 11. c3 Bb6 12. Nxb6 axb6 13. Qc2 Rd8 14. Bg5 h6 15.
Bh4 g5 16. Bg3 h5 17. Be5 Rh6 18. Be2 Ng4 19. Bxg4 hxg4 20. Rfd1 Rxd1+ 21. Rxd1 Bd5 22. exd5 Qxe5 23. g3 cxd5 24. Qa4+ Kf8 25. Qxg4 Re6 26. Qd4 Qxd4 27. Rxd4 c6 28. Kf1 b5 29. h4 gxh4 30. Rxh4 Re8 31. a4 bxa4 32. Rxa4 Re7 33. Ra7 Kg7 34. f4 Kf6 35. Kf2 Ke6 36. Kf3 Kd6 37. g4 Kc7 38. g5 Kb6 39. Ra8 Kb5 40. Rf8 Kc4 41. f5 Kb3 42. f6 Rd7 43. Re8 d4 44. cxd4 Kxb2 45. Re7 Rd5 46. Kf4 b5 47. Rxf7 b4 48.
Rb7 b3 49. f7 Rxd4+ 50. Ke5 Rd8 51. g6 c5 52. g7 c4 53. f8=Q Rxf8 54. gxf8=Q c3 55.
Qb4 1-0

[Event "*** Titled Tuesday Blitz"]
[Site "Chess.com"]
[Date "2020.04.28"]
[Round "6"]
[White "KrakenBeast"]
[Black "Vice64"]
[Result "0-1"]
[WhiteElo "2417"]
[BlackElo "2610"]
[TimeControl "180+1"]
[EndTime "11:06:49 PDT"]
[Termination "Vice64 won by checkmate"]

1. Nf3 Nf6 2. g3 b6 3. Bg2 Bb7 4. d3 e6 5. e4 c5 6. O-O d5 7. e5 Nfd7 8. Re1 Nc6 9. c3 Be7 10.
Nbd2 Qc7 11. Qe2 h6 12. a3 g5 13. h3 O-O-O 14. b4 h5 15. d4 c4 16. Nf1 Rdg8 17. N3h2 Nd8 18. a4 a6 19. Ne3 f6 20. exf6 Bxf6 21. Nef1 e5 22. dxe5 Bxe5 23. Bb2 Re8 24. Qd2 h4 25. g4 Bf4 26. Qd4 Ne6 27. Qd1 Rhf8 28. Nf3 Nf6 29. Nd4 Nxd4 30. Qxd4 Be5 31. Qd2 Bf4 32. Qd4 Ne4 33. Bxe4 dxe4 34. Ne3 Bh2+ 35. Kg2 Rd8 36. Qxc4 Rd2 37. Qxc7+ Kxc7 38. Nd1 Bg3 39. Bc1 e3+ 40. Kf1 Rdxf2+ 41. Nxf2 Rxf2+ 42. Kg1 Bh2# 0-1

[Event "*** Titled Tuesday Blitz"]
[Site "Chess.com"]
[Date "2020.04.28"]
[Round "6"]
[White "Spring199"]
[Black "Karina_Ivanova"]
[Result "1-0"]
[WhiteElo "2385"]
[BlackElo "2202"]
[TimeControl "180+1"]
[EndTime "11:06:49 PDT"]
[Termination "Spring199 won by resignation"]

1. d4 Nf6 2. c4 e6 3. Nc3 Bb4 4.
e3 c5 5. Ne2 cxd4 6. exd4 d5 7.
a3 Bxc3+ 8. Nxc3 dxc4 9. Bxc4 O-O 10. O-O Nbd7 11. b4 a6 12. Bb2 b5 13. Bb3 Bb7 14.
Re1 Nb6 15. Qd3 Nbd5 16. g3 Rc8 17. Rad1 Qc7 18. Rc1 Qb6 19. Nxd5 Bxd5 20. Rc5 Qb7 21. Rec1 Bh1 22. f3 Rxc5 23. dxc5 Bxf3 24. Rf1 Bh1 25.
Qe2 Ng4 26. h3 Ne3 27. Rf2 Nf5 28. Qe5 Bd5 29. Rxf5 f6 30. Bxd5 exd5 31. Qxd5+ 1-0

[Event "*** Titled Tuesday Blitz"]
[Site "Chess.com"]
[Date "2020.04.28"]
[Round "6"]
[White "Popopuiyt"]
[Black "ulkaf961"]
[Result "1-0"]
[WhiteElo "2345"]
[BlackElo "2175"]
[TimeControl "180+1"]
[EndTime "11:06:50 PDT"]
[Termination "Popopuiyt won by resignation"]

1. d4 Nf6 2. c4 e6 3. Nc3 Bb4 4.
f3 c5 5. d5 O-O 6. e4 exd5 7.
cxd5 Re8 8. Nh3 d6 9. Nf2 Bd7 10. Be2 b5 11. a4 bxa4 12. Bd2 a6 13. O-O Bxc3 14. bxc3 a5 15. Qc2 Na6 16. Nd1 h6 17. Nb2 Qc7 18. Nxa4 c4 19. Bf4 Rab8 20. Kh1 Rb3 21.
Nb2 Bb5 22. Nd1 Rb8 23. Ne3 a4 24. Nf5 a3 25. Bxd6 Qb7 26. Rxa3 Rxa3 27. Bxa3 Bd7 28. Nd4 Rc8 29. Rb1 Qc7 30. Be7 Ne8 31.
Qa2 Bh3 32. gxh3 Qxe7 33. Qxa6 Nd6 34. Nf5 Rd8 35. Nxe7+ 1-0

[Event "*** Titled Tuesday Blitz"]
[Site "Chess.com"]
[Date "2020.04.28"]
[Round "6"]
[White "Kingsman132"]
[Black "Joseph_Truelson"]
[Result "0-1"]
[WhiteElo "2396"]
[BlackElo "2210"]
[TimeControl "180+1"]
[EndTime "11:06:50 PDT"]
[Termination "Joseph_Truelson won by checkmate"]

1. d4 d5 2. c4 e6 3. Nc3 Be7 4.
e3 Nf6 5. Nf3 O-O 6. Bd3 dxc4 7.
Bxc4 a6 8. O-O b5 9. Bd3 Bb7 10. Ne5 Nbd7 11. Nxd7 Qxd7 12. Be2 Rfd8 13. Bf3 c5 14. Bxb7 Qxb7 15. Ne2 cxd4 16. exd4 e5 17. Be3 exd4 18. Bxd4 Bc5 19. Qd3 Rd7 20. Qc3 Bxd4 21.
Nxd4 Rc8 22. Qe3 Re8 23. Qc3 Rc8 24. Qe3 Nd5 25. Qg3 g6 26. Rac1 Nb4 27. Rxc8+ Qxc8 28. Nf5 Rc7 29. Nd6 Qd7 30. a3 Nc2 31. Rd1 Qe6 32.
Qd3 Rd7 33. Qxc2 Rxd6 34. Rxd6 Qe1# 0-1

[Event "*** Titled Tuesday Blitz"]
[Site "Chess.com"]
[Date "2020.04.28"]
[Round "6"]
[White "APOKALIPSA13"]
[Black "relaxx87"]
[Result "0-1"]
[WhiteElo "2357"]
[BlackElo "2694"]
[TimeControl "180+1"]
[EndTime "11:06:52 PDT"]
[Termination "relaxx87 won by resignation"]

1. d4 d5 2. Nc3 Nf6 3. Bg5 Nbd7 4.
Nf3 c6 5. e3 h6 6. Bf4 Nh5 7.
Bg3 Nxg3 8. hxg3 Qc7 9. Qd2 e5 10. dxe5 Nxe5 11. O-O-O Be7 12. Nxe5 Qxe5 13. f4 Qc7 14. e4 dxe4 15. Nxe4 Be6 16. Nd6+ Bxd6 17. Qxd6 Qxd6 18. Rxd6 Ke7 19. Rd2 Rhd8 20. Rxd8 Rxd8 21. a3 Bd5 22. g4 Be4 23. Rh3 Kf6 24. Re3 Bd5 25. c4 Be6 26. Be2 Rd4 27. g3 Bxc4 28.
Bxc4 Rxc4+ 29. Kd2 g5 30. Kd3 Rc1 31. Rf3 Kg6 32. Kd2 Rg1 33. f5+ Kf6 34. Rd3 Ke7 35.
Re3+ Kf6 36. Rd3 Rg2+ 37. Kc3 Ke7 38. Re3+ Kd7 39. f6 Kd6 40. Kc4 Rxb2 41. Kc3 Rf2 42.
Re7 Rxf6 43. Rxb7 Rf3+ 44. Kb4 Rxg3 45. Rxf7 Rxg4+ 46. Kc3 h5 47. Rxa7 h4 48. a4 h3 49.
Rf7 h2 50. Rf6+ Kc7 0-1

[Event "*** Titled Tuesday Blitz"]
[Site "Chess.com"]
[Date "2020.04.28"]
[Round "6"]
[White "AnnaChessLook"]
[Black "DrVitman"]
[Result "1-0"]
[WhiteElo "2277"]
[BlackElo "2526"]
[TimeControl "180+1"]
[EndTime "11:06:52 PDT"]
[Termination "AnnaChessLook won by resignation"]

1. d4 Nf6 2. c4 g6 3. Nc3 d5 4. Nf3 Bg7 5. Bg5 dxc4 6. e4 O-O 7. Bxc4 h6 8. Be3 c6 9. O-O Bg4 10. h3 Bxf3 11. Qxf3 Nfd7 12. Rad1 Nb6 13. Bb3 N8d7 14. Qg3 Kh7 15. e5 e6 16. Bc2 Nc4 17. h4 h5 18.
Bg5 Qe8 19. b3 Ncb6 20. Qf3 Kh8 21. Ne4 c5 22. Nd6 Qb8 23. Nxf7+ Rxf7 24. Qxf7 cxd4 25. Qxg6 Nf8 26. Qxh5+ Kg8 27. Rxd4 Qc8 28. Bg6 Nxg6 29. Qxg6 Qf8 30. Bf6 Nd5 31. Bxg7 Qxg7 32. Qxe6+ Qf7 33.
Qxd5 Qxd5 34. Rxd5 Rf8 35. f4 Re8 36. g3 Kf8 37. Rfd1 Kg8 38. Rd8 Kf7 39. R1d7+ Re7 40. Rxe7+ Kxe7 41. Rb8 Ke6 42. Rxb7 Kf5 43. Rxa7 Ke4 44. e6 Kd3 45. e7 Kc2 46. e8=Q Kb1 47. Qe2 Ka1 48. Rd7 1-0

[Event "*** Titled Tuesday Blitz"]
[Site "Chess.com"]
[Date "2020.04.28"]
[Round "6"]
[White "2008king"]
[Black "Semen16"]
[Result "0-1"]
[WhiteElo "2071"]
[BlackElo "2345"]
[TimeControl "180+1"]
[EndTime "11:06:52 PDT"]
[Termination "Semen16 won by resignation"]

1. e4 e5 2. Nf3 Nc6 3. d4 exd4 4. Nxd4 Bc5 5. Nb3 Bb6 6. Nc3 d6 7. Qe2 a5 8. a4 Nb4 9. Bf4 Be6 10. O-O-O Nf6 11.
e5 Ng4 12. Bg3 O-O 13. h3 Nh6 14. exd6 Qg5+ 15. Kb1 Bf5 16. Ne4 Qg6 17. f3 Bxe4 18.
fxe4 Qxg3 19. d7 Rad8 20. e5 Nf5 21. c3 Nc6 22. e6 fxe6 23. Qxe6+ Kh8 24. Bc4 Nd6 25.
Bd5 Qg6+ 26. Qxg6 hxg6 27. Rhe1 Rxd7 28. Bxc6 bxc6 29. c4 Bf2 30. Rf1 Rdf7 31. c5 Nc4 32. Rd3 Bh4 33. Rxf7 Rxf7 34. Rd4 Rf1+ 35. Ka2 Bf6 36.
Rxc4 Rf2 37. Nd4 Rxg2 38. Kb3 Rg3+ 39. Kc2 Rxh3 40. Nxc6 Rh2+ 41. Kd3 Rxb2 42. Nxa5 g5 43. Nc6 Rb3+ 44. Kc2 Ra3 45. a5 Kh7 46. Rc3 Rxc3+ 47. Kd2 Rxc5 0-1

[Event "*** Titled Tuesday Blitz"]
[Site "Chess.com"]
[Date "2020.04.28"]
[Round "6"]
[White "sergoy"]
[Black "moro182"]
[Result "1-0"]
[WhiteElo "2866"]
[BlackElo "2698"]
[TimeControl "180+1"]
[EndTime "11:06:53 PDT"]
[Termination "sergoy won by resignation"]

1. d4 Nf6 2. c4 e6 3. Nf3 d5 4.
Nc3 c6 5. Bg5 Nbd7 6. cxd5 exd5 7. e3 Be7 8. Bd3 O-O 9. O-O Re8 10. Rb1 a6 11. Qc2 g6 12. Ne5 Nxe5 13. dxe5 Nd7 14. Bxe7 Qxe7 15. f4 Nc5 16. e4 Nxd3 17. Qxd3 dxe4 18.
Nxe4 Bf5 19. Qc2 Rad8 20. Rbd1 Rd5 21. h3 Red8 22. Rde1 Rd4 23. Rf2 Rxe4 24. Rxe4 Qd7 25. Kh2 Bxe4 26. Qxe4 Qd4 27. Qe2 Qd5 28. Qe3 Qd4 29.
Qf3 Qd3 30. Qg4 Qe4 31. Re2 Qf5 32. Qxf5 gxf5 33. g4 fxg4 34. hxg4 Rd3 35. Kg2 Kg7 36. b3 c5 37. Kf2 Rc3 38. Rd2 b5 39. Rd7 Kf8 40.
f5 h6 41. f6 Kg8 42. Rd8+ Kh7 43. e6 Rc2+ 44. Kf3 Rc1 45. exf7 1-0

[Event "*** Titled Tuesday Blitz"]
[Site "Chess.com"]
[Date "2020.04.28"]
[Round "6"]
[White "KaterinaMiroshnik"]
[Black "talman67"]
[Result "0-1"]
[WhiteElo "2395"]
[BlackElo "2569"]
[TimeControl "180+1"]
[EndTime "11:06:53 PDT"]
[Termination "talman67 won by resignation"]

1. d4 Nf6 2. c4 e6 3. Nf3 b6 4.
e3 Bb7 5. Be2 d5 6. O-O Bd6 7.
b3 O-O 8. Nc3 Nbd7 9. Bb2 a6 10.
Bd3 Qe7 11. Ne2 dxc4 12. bxc4 e5 13. Bf5 Rad8 14. Qc2 e4 15. Nd2 g6 16. Bh3 h5 17.
g3 Ng4 18. Nf4 Bxf4 19. gxf4 Qh4 20. Kg2 Qxf2+ 21. Rxf2 Nxe3+ 22. Kg1 Nxc2 23. Rc1 e3 24. Re2 exd2 25. Rxd2 Nb4 26. a3 Nc6 27. Bg2 Na5 28.
Bxb7 Nxb7 29. d5 Rfe8 30. f5 Na5 31. fxg6 fxg6 32. Rg2 Kh7 33. Rf1 Rf8 34. Re1 Rde8 35. Rge2 Rxe2 36. Rxe2 Rf7 37. Re8 g5 38. Rh8+ Kg6 39.
Rg8+ Kf5 40. Re8 Nxc4 41. Re2 Nxb2 42. Rxb2 Ne5 43. d6 cxd6 44. Rxb6 d5 45. Rxa6 Ke4 46. Rd6 d4 47. a4 d3 48. a5 Ke3 49. Re6 d2 0-1

[Event "*** Titled Tuesday Blitz"]
[Site "Chess.com"]
[Date "2020.04.28"]
[Round "6"]
[White "mattcolins2025"]
[Black "Hasangatin_Ramil"]
[Result "0-1"]
[WhiteElo "2290"]
[BlackElo "2459"]
[TimeControl "180+1"]
[EndTime "11:06:53 PDT"]
[Termination "Hasangatin_Ramil won on time"]

1. d4 Nf6 2. c4 e6 3. Nc3 c5 4. d5 exd5 5. cxd5 Bd6 6. Nf3 Bc7 7. Bg5 d6 8. e3 a6 9. a4 Nbd7 10. Be2 Nf8 11. O-O h6 12. Bh4 Ng6 13. Bg3 Nh5 14. Nd2 Nxg3 15. hxg3 Rb8 16. a5 O-O 17.
Nc4 Re8 18. Na4 Bd7 19. Nab6 Bb5 20. b3 Ne5 21. Nxe5 Rxe5 22. Nc4 Bxc4 23. bxc4 Bxa5 24.
Qa4 Bb4 25. Qb3 Qf6 26. f4 Re7 27. Bf3 Bc3 28. Rxa6 Rxe3 29. Qb6 bxa6 30. Qxb8+ Kh7 31. Qb1+ g6 32. Qb6 a5 33. Qc7 a4 34. f5 g5 35.
Qa7 a3 36. Qxa3 Bd4 37. Qxe3 Bxe3+ 38. Kh2 Kg7 39. Bg4 Bd4 40. Re1 Be5 41. Bh3 h5 42.
Kh1 Bxg3 43. Rf1 g4 44. Rg1 Qh4 45. f6+ Qxf6 46. Rd1 Be5 47. Re1 Qf4 0-1

[Event "*** Titled Tuesday Blitz"]
[Site "Chess.com"]
[Date "2020.04.28"]
[Round "6"]
[White "Zmeeed63"]
[Black "Galiev_Azat"]
[Result "0-1"]
[WhiteElo "2142"]
[BlackElo "2288"]
[TimeControl "180+1"]
[EndTime "11:06:53 PDT"]
[Termination "Galiev_Azat won by resignation"]

1. d4 Nf6 2. c4 e6 3. Nf3 b6 4. g3 Ba6 5. b3 Bb4+ 6. Bd2 Be7 7. Bg2 d5 8. Ne5 Nfd7 9. Nxd7 Qxd7 10. O-O c6 11.
Qc2 O-O 12. e4 dxc4 13. bxc4 Qxd4 14. Bc3 Qxc4 15. Nd2 Qd3 16. Qb2 f6 17. e5 f5 18.
Rfd1 Qb5 19. Nb3 Bb7 20. Bf1 Qa4 21. Rd4 Qa3 22. Qd2 b5 23. Ba5 c5 24. Rd7 Nxd7 25. Qxd7 c4 26. Nd4 Bd5 27. Be1 Rfd8 28. Qc7 Rac8 29. Qa5 Qxa5 30. Bxa5 Rd7 31. Nxb5 Rc5 32. a4 a6 33. Bb4 axb5 34. Bxc5 Bxc5 35. a5 Ba7 36.
Rb1 Bc6 37. Bg2 0-1

[Event "*** Titled Tuesday Blitz"]
[Site "Chess.com"]
[Date "2020.04.28"]
[Round "6"]
[White "Macron20hTF1"]
[Black "elohunter1999"]
[Result "0-1"]
[WhiteElo "2348"]
[BlackElo "2508"]
[TimeControl "180+1"]
[EndTime "11:06:54 PDT"]
[Termination "elohunter1999 won by resignation"]

1. g3 e5 2. Bg2 Nf6 3. d3 d5 4.
Nf3 Bd6 5. O-O O-O 6. Nc3 c6 7. e4 Nbd7 8. h3 Re8 9. Nh4 Bf8 10. Nf5 dxe4 11. dxe4 Nc5 12. Qf3 Ne6 13. Rd1 Qb6 14. Nh6+ gxh6 15. Qxf6 Bg7 16. Qh4 Nd4 17. Bxh6 Qxb2 18.
Rxd4 Bxh6 19. Qxh6 exd4 20. Qg5+ Kf8 21. Qh6+ Ke7 22.
Qg5+ Kd7 23. Rd1 Qxc3 24. Qf5+ Kc7 25. Qf4+ Kb6 26. Rb1+ Kc5 27. Qg5+ f5 28. exf5 Re1+ 29. Rxe1 Qxe1+ 30. Bf1 Qe5 31. Bd3 Bd7 32. Kh2 Rf8 33. f4 Qd6 34. f6+ Kb6 35. Qe5 Qxf6 0-1

[Event "*** Titled Tuesday Blitz"]
[Site "Chess.com"]
[Date "2020.04.28"]
[Round "6"]
[White "Ceejay271"]
[Black "ZEN-22"]
[Result "0-1"]
[WhiteElo "2318"]
[BlackElo "2493"]
[TimeControl "180+1"]
[EndTime "11:06:54 PDT"]
[Termination "ZEN-22 won on time"]

1. c4 d5 2. cxd5 c6 3. dxc6 Nxc6 4. Nf3 e5 5. d3 Bc5 6. e3 Nf6 7. Nc3 O-O 8. Be2 a6 9. O-O Ba7 10. a3 Qe7 11. e4 Bg4 12. Bg5 Qe6 13. h3 Bxf3 14.
Bxf3 Nd4 15. Bxf6 Qxf6 16. Nd5 Qd6 17. Rc1 Rac8 18. Rc3 g6 19. Qc1 Rc6 20. Qg5 Kg7 21. Qe7 Bc5 22. Qxd6 Bxd6 23. Rfc1 Rd8 24. Bd1 Rdc8 25.
Rxc6 bxc6 26. Ne3 Kf6 27. Nc4 Bc7 28. Kf1 Ke7 29. Ke1 f5 30. exf5 gxf5 31. Ba4 Ke6 32.
g3 e4 33. dxe4 fxe4 34. Ne3 Bb6 35. b4 a5 36. Kf1 axb4 37. axb4 Kd7 38. Nd5 Bd8 0-1

[Event "*** Titled Tuesday Blitz"]
[Site "Chess.com"]
[Date "2020.04.28"]
[Round "6"]
[White "NFork"]
[Black "ItsCheckM8Mate"]
[Result "0-1"]
[WhiteElo "1905"]
[BlackElo "2250"]
[TimeControl "180+1"]
[EndTime "11:06:54 PDT"]
[Termination "ItsCheckM8Mate won on time"]

1. Nf3 d5 2. b3 Nd7 3. Bb2 Ngf6 4. e3 c5 5. Be2 e6 6. O-O Bd6 7. c4 O-O 8. cxd5 exd5 9. d4 Re8 10. Nc3 cxd4 11. Qxd4 Nb8 12. Nxd5 Bxh2+ 13. Kxh2 Qxd5 14. Qxd5 Nxd5 15. Rfd1 Be6 16. Ng5 Nc6 17. Nxe6 fxe6 18. Rac1 Rad8 19. Bb5 Rf8 20. Bxc6 bxc6 21. Ba3 Rxf2 22. e4 Rxa2 23. Bc5 Rb8 24. exd5 cxd5 25. b4 a5 26. Bd6 Rb7 27. Rf1 h6 28. Rc8+ Kh7 29.
bxa5 Rxa5 30. Be5 Ra4 31. Re8 Re4 32. Rxe6 d4 33. Rf4 Re2 34. Rf8 d3 35. Rd8 Rb5 0-1

[Event "*** Titled Tuesday Blitz"]
[Site "Chess.com"]
[Date "2020.04.28"]
[Round "6"]
[White "Petrosyan_Tigran"]
[Black "TheFireChess"]
[Result "0-1"]
[WhiteElo "2538"]
[BlackElo "2442"]
[TimeControl "180+1"]
[EndTime "11:06:55 PDT"]
[Termination "TheFireChess won by checkmate"]

1. Nf3 d6 2. c4 f5 3. Nc3 Nf6 4. d4 g6 5. g3 Bg7 6. Bg2 O-O 7. O-O c6 8. d5 e5 9. dxe6 Bxe6 10. b3 Re8 11. Bb2 Na6 12. Qc2 Qe7 13. Rad1 Rad8 14.
Rfe1 Nc5 15. Ng5 Bc8 16. e4 h6 17. b4 hxg5 18. bxc5 dxc5 19. Rxd8 Qxd8 20. e5 Ng4 21.
Rd1 Qe7 22. Qd2 Nxe5 23. Qe2 Be6 24. Na4 Bxc4 25. Qc2 b5 26. Bxe5 Qxe5 27. Bxc6 Re6 28. Bd7 Qe1+ 29. Rxe1 Rxe1+ 30. Kg2 Bf1+ 31. Kf3 g4+ 32.
Kf4 Bh6# 0-1

[Event "*** Titled Tuesday Blitz"]
[Site "Chess.com"]
[Date "2020.04.28"]
[Round "6"]
[White "Tapuah"]
[Black "RitvarsReimanis"]
[Result "1-0"]
[WhiteElo "2836"]
[BlackElo "2598"]
[TimeControl "180+1"]
[EndTime "11:06:57 PDT"]
[Termination "Tapuah won on time"]

1. e4 c5 2. Nf3 Nc6 3. Bb5 g6 4. c3 Nf6 5. Qe2 Bg7 6. O-O O-O 7. d4 cxd4 8. cxd4 d5 9. e5 Ne4 10. Rd1 Bg4 11. h3 Bd7 12. Be3 Qb6 13. Ba4 Rac8 14. Nc3 Nxc3 15. bxc3 Qa5 16. Bb3 Be6 17. Bd2 Qb6 18.
Rab1 Qc7 19. Ng5 Na5 20. Nxe6 fxe6 21. Qg4 Qd7 22. Bc2 Nc4 23. Bc1 Rf5 24. h4 b6 25.
Qe2 Na5 26. g4 Rf7 27. Rd3 Rcf8 28. f3 Kh8 29. Kg2 Rg8 30. Bg5 Nc4 31. Rh1 Bf8 32.
Rdd1 Na3 33. Bd3 Qa4 34. h5 gxh5 35. Rxh5 Nc4 36. Rdh1 Rgg7 37. Bh6 Rg8 38. Bxf8 Rgxf8 39. Bxh7 Kg7 40. Rg5+ Kh8 41. Bd3+ 1-0

[Event "*** Titled Tuesday Blitz"]
[Site "Chess.com"]
[Date "2020.04.28"]
[Round "6"]
[White "Tsubasa"]
[Black "MarcoCorvi"]
[Result "1-0"]
[WhiteElo "2415"]
[BlackElo "2193"]
[TimeControl "180+1"]
[EndTime "11:06:57 PDT"]
[Termination "Tsubasa won by checkmate"]

1. d4 f5 2. Bg5 h6 3. Bh4 g5 4. e3 Nf6 5. Bg3 Bg7 6. h4 g4 7.
Bd3 d6 8. c4 Nh5 9. Ne2 O-O 10.
Nbc3 Nc6 11. d5 Ne5 12. Bxe5 dxe5 13. Qd2 Bd7 14. O-O-O a6 15. f3 b5 16. c5 b4 17.
Nb1 Bb5 18. Qc2 Bxd3 19. Rxd3 a5 20. Nd2 a4 21. Qc4 a3 22. b3 e4 23. fxe4 fxe4 24.
Qxe4 Nf6 25. Qe6+ Kh8 26. Nf4 Ra5 27. Ng6+ Kh7 28. Nxf8+ Qxf8 29. Ne4 Kh8 30. d6 Nxe4 31. dxe7 Rxc5+ 32. Kd1 Nf2+ 33. Ke2 Rc2+ 34. Kf1 Qe8 35. Rd8 g3 36. Rxe8+ Kh7 37. Qf5# 1-0

[Event "*** Titled Tuesday Blitz"]
[Site "Chess.com"]
[Date "2020.04.28"]
[Round "6"]
[White "Pomegranate988"]
[Black "josiwales"]
[Result "1-0"]
[WhiteElo "2471"]
[BlackElo "2590"]
[TimeControl "180+1"]
[EndTime "11:06:58 PDT"]
[Termination "Pomegranate988 won by resignation"]

1. d4 d5 2. c4 c6 3. Nf3 Nf6 4. Nc3 dxc4 5. e4 b5 6. Be2 e6 7.
O-O Bb7 8. Re1 Be7 9. Bf1 O-O 10. b3 b4 11. Na4 c3 12. Bg5 Nbd7 13. Qc2 Qa5 14. a3 c5 15. d5 exd5 16. e5 d4 17. exf6 Bxf6 18. Bxf6 Nxf6 19. Ne5 Rfe8 20. Bc4 Re7 21.
Nd3 Rae8 22. Rxe7 Rxe7 23. Naxc5 Ba8 24. Qc1 bxa3 25. Rxa3 Qc7 26. h3 Qc6 27. Qg5 h6 28. Qg3 Kh7 29. Ra1 Ne4 30. Nxe4 Qxe4 31. Re1 Qb7 32.
Ne5 g6 33. Bxf7 Rxf7 34. Nxf7 Qxf7 35. Qd6 Qd5 36. Re7+ Kh8 37. Qb8+ Qg8 38. Re8 Bd5 39. Rxg8+ Bxg8 40. Qe5+ 1-0

[Event "*** Titled Tuesday Blitz"]
[Site "Chess.com"]
[Date "2020.04.28"]
[Round "6"]
[White "BelaKis"]
[Black "top_bu_tz"]
[Result "1-0"]
[WhiteElo "2055"]
[BlackElo "2196"]
[TimeControl "180+1"]
[EndTime "11:06:58 PDT"]
[Termination "BelaKis won by resignation"]

1. Nf3 Nf6 2. g3 g6 3. Bg2 Bg7 4. O-O O-O 5. d3 d5 6. a3 b6 7. Nbd2 Bb7 8. c4 e6 9. Rb1 Nbd7 10. b4 a5 11. Bb2 Qe7 12. Qb3 a4 13. Qc2 c5 14.
bxc5 Nxc5 15. Bc3 Nfd7 16. d4 Na6 17. Qxa4 Rfc8 18. Rfc1 Nc7 19. Qb4 Qxb4 20. axb4 dxc4 21. Nxc4 Nd5 22. Be1 Bf8 23. b5 Ra4 24. Nce5 Nxe5 25. Nxe5 Rxd4 26. Rxc8 Bxc8 27. Nc6 Rc4 28. e4 Nf6 29. e5 Nd5 30. Bf1 Rc5 31. Ra1 Bd7 32. Ra8 Bxc6 33. bxc6 Rxc6 34. Bd2 b5 35. Bh6 Rc8 36.
Rxc8 1-0